[Event "*** Titled Tuesday Blitz"]
[Site "Chess.com"]
[Date "2021.04.20"]
[Round "5"]
[White "BahadirOzen"]
[Black "AldokhinIvan"]
[Result "1/2-1/2"]
[WhiteElo "2696"]
[BlackElo "2524"]
[TimeControl "180+1"]
[EndTime "10:55:20 PDT"]
[Termination "Game drawn by repetition"]

1. g3 d5 2. Nf3 Nf6 3. Bg2 g6 4. d4 Bg7 5. c4 O-O 6. O-O dxc4 7. Na3 c5 8. dxc5 c3 9. Nb5 Ne4 10. Qxd8 Rxd8 11. Nc7 cxb2 12. Bxb2 Bxb2 13. Rab1 Bf6 14. Nxa8 Nc3 15. Rb2 Na6 16. Rd2 Rxd2 17. Nxd2 Nxc5 18. Nc7 e6 19. e3 Be5 20. Na8 Nxa2 21. Nc4 Bf6 22. Nd6 Bd7 23. Nxb7 Nxb7 24. Bxb7 a5 25. Nb6 Bb5 26. Rb1 Nc3 27. Rb3 a4 28. Ra3 Nb1 29. Rxa4 Bxa4 30. Nxa4 Nd2 31. Nc5 Kg7 32. Ne4 Nxe4 33. Bxe4 Be5 34. f4 Bc7 35. Kf2 Bb6 36. Kf3 f5 37. Bc2 Kf6 38. e4 fxe4+ 39. Bxe4 Bg1 40.
h3 Bb6 41. Bd3 h6 42. Be4 g5 43. Bd3 Bc7 44. Be4 gxf4 45. gxf4 Kg7 46. Bd3 Kf6 47.
Be4 Bd6 48. Bd3 Bc7 49. Be4 1/2-1/2

[Event "*** Titled Tuesday Blitz"]
[Site "Chess.com"]
[Date "2021.04.20"]
[Round "5"]
[White "Rondo_Capriccioso"]
[Black "Loy_Konstantin"]
[Result "0-1"]
[WhiteElo "2422"]
[BlackElo "2384"]
[TimeControl "180+1"]
[EndTime "10:55:20 PDT"]
[Termination "Loy_Konstantin won by resignation"]

1. e4 c5 2. Nf3 d6 3. d4 cxd4 4. Nxd4 Nf6 5. Nc3 g6 6. Be3 Bg7 7. Bc4 O-O 8. f3 Nc6 9. Bb3 Bd7 10. Qd2 Ne5 11. O-O-O Qa5 12. Kb1 Rfc8 13. g4 b5 14.
h4 b4 15. Nd5 Nxd5 16. Bxd5 Nc4 17. Qe2 Nxe3 18. Qxe3 Rab8 19. h5 Qc5 20. hxg6 hxg6 21. Rh2 a5 22. Qd3 e6 23. Nb3 Qc7 24. Bc4 Qxc4 25.
Qxd6 Ba4 26. Rdh1 Bxb3 27. cxb3 Qd4 28. Qg3 Qe5 29. Qh4 Kf8 30. Qf2 Rc7 31. Rh7 Rbc8 32. Qe2 Rc2 33. Qxc2 Rxc2 34. Kxc2 Qxb2+ 35. Kd3 Qxa2 36. e5 Qxb3+ 37. Ke4 Qc4+ 38. Ke3 Qc5+ 39. Ke2 Qxe5+ 40.
Kf2 b3 41. Rd1 Qc5+ 42. Kg3 Qc7+ 43. f4 b2 44. Rh2 a4 45. Kh4 a3 46. Rh3 a2 47.
Ra3 b1=Q 48. Ra8+ Ke7 0-1

[Event "*** Titled Tuesday Blitz"]
[Site "Chess.com"]
[Date "2021.04.20"]
[Round "5"]
[White "WashUntilHoles"]
[Black "UCantHandleDenker"]
[Result "0-1"]
[WhiteElo "2772"]
[BlackElo "2609"]
[TimeControl "180+1"]
[EndTime "10:55:24 PDT"]
[Termination "UCantHandleDenker won on time"]

1. e4 d6 2. d4 Nf6 3. Nc3 e5 4. Nge2 Be7 5. g3 O-O 6. Bg2 c6 7. a4 b6 8. O-O a6 9. f4 Nbd7 10. h3 Bb7 11. g4 b5 12. axb5 axb5 13. Rxa8 Bxa8 14. Be3 b4 15. Na4 exd4 16. Qxd4 c5 17. Qd3 Bc6 18. b3 Qa8 19. Ng3 Re8 20. Nb2 Bf8 21.
Nc4 Nxe4 22. Nf5 d5 23. Ne5 Nxe5 24. fxe5 d4 25. Bf4 Nc3 26. Bxc6 Qxc6 27. Rf2 Ra8 28.
Kh2 Ra1 29. Ng3 Be7 30. g5 Qg6 31. Qf3 Ra2 32. h4 Rxc2 33. h5 Rxf2+ 34. Qxf2 Qd3 35. Qg2 Qa6 36. h6 g6 37. Bd2 Bf8 38. Bxc3 bxc3 39. Ne4 Be7 40. Qf3 c2 41. Qf4 Qe2+ 42. Kh3 Qxe4 43.
Qxe4 c1=Q 44. e6 Qc3+ 45. Kg4 Qe3 46. Qa8+ Bf8 47. exf7+ Kxf7 48. Qb7+ Qe7 49. Qb8 Qe6+ 50. Kh4 Qe4+ 51. Kh3 Qf5+ 52. Kh4 Be7 0-1

[Event "*** Titled Tuesday Blitz"]
[Site "Chess.com"]
[Date "2021.04.20"]
[Round "5"]
[White "MFBerna"]
[Black "Kale36"]
[Result "0-1"]
[WhiteElo "2499"]
[BlackElo "2312"]
[TimeControl "180+1"]
[EndTime "10:55:24 PDT"]
[Termination "Kale36 won by checkmate"]

1. e4 Nc6 2. Nf3 d6 3. d4 g6 4. Nc3 Bg7 5. Be3 Nf6 6. h3 O-O 7. Qd2 e5 8. dxe5 dxe5 9. Qxd8 Rxd8 10. Bc4 h6 11. O-O Be6 12. Bxe6 fxe6 13. Rfd1 a6 14. a3 Kf7 15. Kf1 Nd7 16. Ke2 Nb6 17. b3 Nd4+ 18.
Bxd4 exd4 19. Na2 d3+ 20. cxd3 Bxa1 21. Rxa1 Nd7 22. Rc1 c5 23. Nc3 Kf6 24. Nd1 Rac8 25. Ne3 b5 26. Rc2 h5 27. g4 Rc6 28. g5+ Kf7 29.
d4 Rdc8 30. d5 exd5 31. exd5 Rd6 32. b4 c4 33. Nd4 Re8 34. Ne6 Rexe6 35. dxe6+ Kxe6 36.
f4 Rd3 37. a4 Rb3 38. axb5 axb5 39. Nxc4 bxc4 40. Rxc4 Rxh3 41. Rc6+ Kf7 42. Rd6 Nf8 43. b5 Rb3 44. b6 h4 45. Kf2 h3 46. Kg1 Ne6 47. Kh2 Ke7 48. Rc6 Nxf4 49. Rf6 Rb2+ 50. Kh1 Rb1+ 51. Kh2 Rb2+ 52. Kh1 Nh5 53. Rxg6 Ng3+ 54.
Kg1 h2# 0-1

[Event "*** Titled Tuesday Blitz"]
[Site "Chess.com"]
[Date "2021.04.20"]
[Round "5"]
[White "VladimirBugayev"]
[Black "bsnsun"]
[Result "1-0"]
[WhiteElo "2272"]
[BlackElo "2433"]
[TimeControl "180+1"]
[EndTime "10:55:24 PDT"]
[Termination "VladimirBugayev won by resignation"]

1. e4 c5 2. Nc3 Nc6 3. Bb5 Nd4 4.
Nf3 g6 5. Nxd4 cxd4 6. Ne2 Bg7 7. O-O e5 8. d3 a5 9. a4 Ne7 10. f4 O-O 11. f5 f6 12. g4 d5 13. Ng3 dxe4 14.
Bc4+ Kh8 15. dxe4 g5 16. Nh5 Bd7 17. h4 gxh4 18. Nxg7 Kxg7 19. g5 Nxf5 20. exf5 fxg5 21. Qh5 Kh8 22. Bxg5 Qb6 23. Kh2 e4 24. Bf7 Qc7+ 25. Bf4 Qxc2+ 26. Kh1 Qc5 27. Rac1 Qe7 28. Be6 Bxe6 29.
Be5+ Rf6 30. fxe6 Rf8 31. Rxf6 Rxf6 32. Rf1 Qxe6 33. Bxf6+ Kg8 34. Qg5+ Kf7 35. Be5+ Ke8 36. Qf5 Qxf5 37. Rxf5 d3 38. Bf4 Kd7 39. Re5 Kc6 40. Rxe4 Kc5 41. Bd2 b6 42. Rxh4 b5 43. Kg2 bxa4 44.
Rxa4 Kb5 45. Rh4 a4 46. Kf3 Kc5 47. Ke3 h6 48. Kxd3 a3 49. bxa3 h5 50. Bb4+ Kb5 51.
Rxh5+ Ka4 52. Rg5 Kb3 53. Kd4 Ka4 54. Kc5 Kb3 55. Kb5 Ka2 56. a4 1-0

[Event "*** Titled Tuesday Blitz"]
[Site "Chess.com"]
[Date "2021.04.20"]
[Round "5"]
[White "ecwinslow"]
[Black "canary2016"]
[Result "0-1"]
[WhiteElo "2277"]
[BlackElo "2024"]
[TimeControl "180+1"]
[EndTime "10:55:25 PDT"]
[Termination "canary2016 won on time"]

1. e4 c5 2. Nf3 d6 3. d4 cxd4 4. Nxd4 Nf6 5. Nc3 a6 6. Bg5 e6 7. f4 h6 8. Bh4 Qb6 9. Qd2 Qxb2 10. Rb1 Qa3 11. Be2 Be7 12. e5 dxe5 13. fxe5 Nfd7 14. Bg3 O-O 15. O-O Qc5 16. Ne4 Qc7 17. Nf6+ Kh8 18. Kh1 Qd8 19. Ng4 Bg5 20. Qd3 Nc5 21. Qc4 Qd5 22.
Qxd5 exd5 23. Nf5 Ne4 24. Nd6 Nd2 25. Rxf7 Rxf7 26. Nxf7+ Kg8 27. Nxg5 Nxb1 28. Nh3 Nc6 29. Nf4 Nc3 30. Bf3 Bxg4 31. Bxg4 Nxe5 32. Be6+ Kh7 33. Nxd5 Nc6 34. Nxc3 Re8 35. Bf5+ g6 36. Be4 Na5 37. Kg1 b5 38. Bd3 Nc6 39. a4 bxa4 40. Nxa4 Nb4 41. Nc5 a5 42. Kf2 Rc8 43. Na4 Nxc2 44. h4 Nd4 45. h5 Nf5 46. hxg6+ Kxg6 47. Be5 Rf8 48.
Ke2 Kg5 49. Nc5 Nh4 50. Kd2 Re8 51. Bd6 Nxg2 0-1

[Event "*** Titled Tuesday Blitz"]
[Site "Chess.com"]
[Date "2021.04.20"]
[Round "5"]
[White "ViktoriyaTarasova"]
[Black "Grandmaster1369"]
[Result "1-0"]
[WhiteElo "2438"]
[BlackElo "2596"]
[TimeControl "180+1"]
[EndTime "10:55:26 PDT"]
[Termination "ViktoriyaTarasova won by checkmate"]

1. d4 Nf6 2. c4 g6 3. Nc3 d5 4. g3 Bg7 5. Bg2 c6 6. Qa4 O-O 7. cxd5 cxd5 8. e3 Nc6 9. Nge2 h5 10.
O-O h4 11. Nf4 e6 12. b4 a6 13. Qb3 b5 14. a4 bxa4 15. Nxa4 Rb8 16. Ba3 Na7 17.
Qd3 Nb5 18. Nc5 Ne8 19. Bb2 Qb6 20. Rfc1 Ned6 21. Bf1 Nc4 22. Qc2 Nbd6 23. Bc3 Rd8 24. Ra2 Bf8 25. Rca1 Ra8 26. Nfd3 hxg3 27. hxg3 Bb7 28.
Nb2 Nxb2 29. Qxb2 Nb5 30. Qc2 Rdc8 31. Bd2 Nd6 32. Qd1 Nc4 33. Bc3 Rcb8 34. Nd3 Qd8 35. Nc5 Bc8 36. Qf3 Nd6 37. Bd3 Nb5 38. Bd2 Bxc5 39.
bxc5 Bd7 40. Kg2 Nc7 41. Rh1 Qg5 42. e4 dxe4 43. Bxe4 Nd5 44. Bxg5 Bc6 45. Bf6 Nxf6 46. Bxc6 Ra7 47. Qxf6 Rc7 48. Rh8# 1-0

[Event "*** Titled Tuesday Blitz"]
[Site "Chess.com"]
[Date "2021.04.20"]
[Round "5"]
[White "Zkid"]
[Black "Hikaru"]
[Result "0-1"]
[WhiteElo "2829"]
[BlackElo "3166"]
[TimeControl "180+1"]
[EndTime "10:55:28 PDT"]
[Termination "Hikaru won by resignation"]

1. e4 e5 2. Nf3 Nc6 3. Bc4 Bc5 4. O-O Nf6 5. d3 d6 6. c3 h6 7. a4 a5 8. Nbd2 O-O 9. h3 Ne7 10. d4 exd4 11. cxd4 Bb4 12. e5 Nfd5 13. Ne4 Bf5 14.
Ng3 Bh7 15. Bd2 Bxd2 16. Qxd2 Nb4 17. Nh5 Be4 18. Qf4 d5 19. Be2 Ng6 20. Qg4 Bxf3 21. Bxf3 Qg5 22. Be2 Qxg4 23. hxg4 Ne7 24. Rad1 Rac8 25.
f4 c5 26. dxc5 Rxc5 27. Rd2 Rfc8 28. f5 Rc2 29. Rfd1 Rxd2 30. Rxd2 Rc1+ 31. Kf2 Nec6 32. e6 fxe6 33. fxe6 Kf8 34. Nf4 Ne7 35. Bb5 g5 36. Nd3 Rc2 37. Rxc2 Nxc2 38. Nc5 b6 39. Nd7+ Kg7 40. Nxb6 Kf6 41. Bd7 Ke5 42. Ke2 Nd4+ 43. Kd3 Nxe6 44. Kc3 Nc5 45. b4 Ne4+ 46. Kb3 Kd6 47. Bb5 axb4 48. Kxb4 Nf2 49. Be2 Nc6+ 50. Kc3 d4+ 51. Kc4 d3 52. Bf3 d2 53. Kc3 d1=Q 54.
Bxd1 Nxd1+ 55. Kd2 Nf2 56. Nc4+ Kc5 57. Ne3 Ne4+ 58.
Kd3 Nd6 59. g3 Ne5+ 60. Ke2 Kb4 61. Nd5+ Kxa4 62. Nf6 Kb4 63. Ng8 Ndf7 0-1

[Event "*** Titled Tuesday Blitz"]
[Site "Chess.com"]
[Date "2021.04.20"]
[Round "5"]
[White "maxip32"]
[Black "GadimbayliA"]
[Result "0-1"]
[WhiteElo "2531"]
[BlackElo "2754"]
[TimeControl "180+1"]
[EndTime "10:55:28 PDT"]
[Termination "GadimbayliA won on time"]

1. e4 e5 2. Nf3 d5 3. Nxe5 Bd6 4. d4 dxe4 5. Nc3 Bxe5 6. dxe5 Qxd1+ 7. Nxd1 Nc6 8. Bf4 Nge7 9. Nc3 Ng6 10. Bg3 Bf5 11.
Bb5 O-O-O 12. Bxc6 bxc6 13. Rd1 Rhe8 14. Rxd8+ Kxd8 15. Ke2 Nxe5 16. Bxe5 Rxe5 17. Ke3 Bg6 18. g4 h5 19. h3 Ke7 20. Kf4 Ke6 21. Rd1 e3 22. fxe3 Bxc2 23. Rd8 g5+ 24. Kf3 hxg4+ 25. hxg4 Bg6 26.
Ra8 Ra5 27. a3 f5 28. gxf5+ Bxf5 29. e4 Bg6 30. Rg8 Kf6 31. Rc8 Bh5+ 32. Ke3 g4 33. Kf4 Ra6 34. Rxc7 Rb6 35. b4 a5 36. bxa5 Ra6 37.
e5+ Ke6 38. Ne4 Rxa5 39. Rxc6+ Ke7 40. Rc3 Ra4 41. Kf5 Bf7 42. Nc5 Rd4 43. e6 Be8 44. Ke5 Rd1 45. Ne4 Re1 46. Rc7+ Kd8 47. Rc4 g3 48. Kd6 Rd1+ 49. Ke5 g2 0-1

[Event "*** Titled Tuesday Blitz"]
[Site "Chess.com"]
[Date "2021.04.20"]
[Round "5"]
[White "twitchTriniCupid"]
[Black "Hangar-18"]
[Result "1-0"]
[WhiteElo "2234"]
[BlackElo "2336"]
[TimeControl "180+1"]
[EndTime "10:55:28 PDT"]
[Termination "twitchTriniCupid won by checkmate"]

1. d4 Nf6 2. c4 e6 3. Nf3 Bb4+ 4. Nbd2 O-O 5. e3 d5 6. a3 Bd6 7. c5 Be7 8. b4 b6 9. Bb2 a5 10. Bd3 axb4 11. axb4 Rxa1 12. Qxa1 Nc6 13. Bc3 bxc5 14. bxc5 Bd7 15. O-O Qa8 16. Qb2 Rb8 17. Ra1 Qb7 18. Qa3 g6 19. Rb1 Qa8 20. Rxb8+ Qxb8 21. g3 Kg7 22. h4 h6 23. Kg2 Ng4 24. Ne1 Qd8 25.
Ndf3 Bf6 26. e4 dxe4 27. Bxe4 Ne7 28. Qa6 Nd5 29. Bd2 Qc8 30. Qa7 Bc6 31. Kg1 Qb7 32.
Qxb7 Bxb7 33. Ba5 c6 34. Nd3 Ba6 35. Bxd5 exd5 36. Nb4 Bb5 37. Bc7 Kf8 38. Bd6+ Ke8 39. Kg2 Kd7 40. Bf4 Be2 41. Be3 Nxe3+ 42. fxe3 g5 43.
hxg5 hxg5 44. Kf2 Bb5 45. g4 Bd8 46. Nc2 f6 47. Nh2 Ke6 48. Nf1 f5 49. gxf5+ Kxf5 50. Ng3+ Kg4 51. Ne1 Bc7 52. Nh1 Kh3 53. Nf3 g4 54. Ne1 Bd8 55. Ng2 Bg5 56. Nf4+ Kh4 57. Ng3 Ba4 58. Nf5# 1-0

[Event "*** Titled Tuesday Blitz"]
[Site "Chess.com"]
[Date "2021.04.20"]
[Round "5"]
[White "MrChampion_Coach"]
[Black "Mr_Sinigami"]
[Result "0-1"]
[WhiteElo "2409"]
[BlackElo "2600"]
[TimeControl "180+1"]
[EndTime "10:55:29 PDT"]
[Termination "Mr_Sinigami won by checkmate"]

1. d4 c5 2. d5 e5 3. Nc3 d6 4. e4 Be7 5. Bb5+ Nd7 6. Qg4 Bf6 7. a4 a6 8. Bd3 Qc7 9. Qe2 Ne7 10. h4 h6 11. Be3 g6 12. g3 Bg7 13. Nh3 Nf6 14. f3 Nh5 15. Qf2 Bd7 16. g4 Nf4 17. Nxf4 exf4 18.
Bxf4 O-O-O 19. Nd1 f5 20. gxf5 gxf5 21. Qg3 Be5 22.
Bxe5 dxe5 23. Nc3 Rhg8 24. Qf2 Ng6 25. O-O-O Nf4 26. Bc4 Rg2 27. Qe3 fxe4 28. Nxe4 Bf5 29. d6 Qc6 30. Rhf1 Qxa4 31. Ba2 Qxa2 32. Qa3 Qxa3 33. bxa3 Bxe4 34. fxe4 Kd7 35. Rf3 Rc8 36. Kb2 Rc6 37. h5 Rxd6 38. Rc1 Rd3 39. Ka2 Rxf3 40. Rd1+ Kc6 41. Rd8 Rxc2+ 42. Kb1 Rg2 43. Rc8+ Kd7 44. Rxc5 Nd3 45. Rc1 Nxc1 46. a4 Nb3 47. a5 Rf1# 0-1

[Event "*** Titled Tuesday Blitz"]
[Site "Chess.com"]
[Date "2021.04.20"]
[Round "5"]
[White "VladaSviridova"]
[Black "Das_Virus_2020"]
[Result "0-1"]
[WhiteElo "2263"]
[BlackElo "2475"]
[TimeControl "180+1"]
[EndTime "10:55:29 PDT"]
[Termination "Das_Virus_2020 won by resignation"]

1. d4 Nf6 2. c4 c5 3. d5 b5 4.
cxb5 a6 5. bxa6 g6 6. Nc3 Bxa6 7.
Nf3 d6 8. g3 Nbd7 9. Bg2 Bg7 10. Rb1 Nb6 11. b3 O-O 12. O-O Bb7 13. Ne1 Ra6 14.
a4 Qa8 15. e4 Rc8 16. Nc2 c4 17. Nb4 Ra5 18. Be3 Nfd7 19. Bd4 cxb3 20. Rxb3 Nxa4 21. Bxg7 Kxg7 22. Qd4+ Kg8 23. Rfb1 Nxc3 24. Rxc3 Rxc3 25. Qxc3 Nc5 26. h4 Ra3 27. Qc4 Ra1 28. Rxa1 Qxa1+ 29. Kh2 h5 30. f4 Ba6 31. Nxa6 Qxa6 32. Qxa6 Nxa6 33. e5 Nc5 34. Kg1 f6 35. e6 f5 36.
Kf2 Kf8 37. Ke3 Ke8 38. Kd4 Kd8 39. Bf1 Kc7 40. Bb5 Kd8 41. Bd3 Ke8 42. Bc2 Kd8 43. Kc4 Ke8 44. Kb5 Kd8 45. Kc6 Ne4 46. g4 hxg4 47. Bd1 Nf2 48. Be2 Nh3 49. Kb5 Nxf4 50. Bf1 g3 51. Kc4 g2 52. Bxg2 Nxg2 53. Kd4 Nxh4 0-1

[Event "*** Titled Tuesday Blitz"]
[Site "Chess.com"]
[Date "2021.04.20"]
[Round "5"]
[White "queen_iryna"]
[Black "m_ezat"]
[Result "1-0"]
[WhiteElo "2360"]
[BlackElo "2528"]
[TimeControl "180+1"]
[EndTime "10:55:30 PDT"]
[Termination "queen_iryna won by resignation"]

1. e4 c6 2. d4 d5 3. e5 c5 4.
dxc5 e6 5. a3 Nd7 6. Nf3 Ne7 7.
Bd3 Nc6 8. Qe2 Nxc5 9. O-O Be7 10. b4 Nxd3 11. Qxd3 a5 12. b5 Nb8 13. Bb2 Nd7 14.
Nbd2 Nc5 15. Qe2 Na4 16. Bd4 Bd7 17. c4 dxc4 18. Qxc4 Nb6 19. Qe2 Nd5 20. Ne4 O-O 21. Rfd1 a4 22. Bc5 Ra5 23. Nd6 Nc3 24. Qd2 Bxd6 25.
Bxd6 Nxd1 26. Bxf8 Qxf8 27. Qxa5 Nb2 28. Qd2 Bxb5 29.
Qxb2 Bc6 30. Qb4 Qd8 31. Nd4 Bd5 32. h3 h6 33. Rc1 Qg5 34. Rc8+ Kh7 35. f3 Qxe5 36. Qb1+ g6 37. Nb5 Bc6 38. Na7 Qe3+ 39. Kh1 Qd4 40. Nxc6 bxc6 41. Rxc6 Qe3 42. Rb6 Qxa3 43.
Rb7 Qf8 44. Qb4 Qe8 45. Qe7 Qxe7 46. Rxe7 Kg7 47. Ra7 Kf6 48. Rxa4 Ke5 49. Kh2 g5 50. Kg3 h5 51. Ra5+ Kf6 52. h4 gxh4+ 53. Kxh4 Kg6 54.
Rg5+ Kf6 55. Rxh5 Kg6 56. Rg5+ Kf6 57. Ra5 e5 58. g4 Kg6 59. Rxe5 f6 60. Rf5 1-0

[Event "*** Titled Tuesday Blitz"]
[Site "Chess.com"]
[Date "2021.04.20"]
[Round "5"]
[White "chessdiamant"]
[Black "dmitrijiIM"]
[Result "0-1"]
[WhiteElo "2333"]
[BlackElo "2540"]
[TimeControl "180+1"]
[EndTime "10:55:30 PDT"]
[Termination "dmitrijiIM won by checkmate"]

1. Nf3 Nf6 2. g3 g6 3. b3 Bg7 4. Bb2 O-O 5. Bg2 d5 6. O-O c5 7. c4 d4 8. e3 Nc6 9. exd4 cxd4 10. Re1 Re8 11. Ne5 Nxe5 12. Rxe5 Nd7 13. Re1 e5 14. d3 a5 15. Nd2 Nc5 16. Qc2 Bf5 17. Ne4 Bxe4 18.
Bxe4 Nxe4 19. Rxe4 a4 20. Rae1 Qd7 21. c5 axb3 22.
axb3 Qd5 23. Bxd4 f5 24. R4e2 Qxd4 25. Kg2 Rac8 26. b4 Qxb4 27. Qa2+ Kh8 28. f4 e4 29.
dxe4 fxe4 30. Qf7 Qd4 31. Qxb7 e3 32. c6 Qd5+ 33. Kg1 Qxc6 34. Qxc6 Rxc6 35. Kg2 Bd4 36. Kf3 Kg7 37. Rd1 Bb6 38. Rd7+ Kg8 39. Ra2 e2 40. Rxe2 Rc3+ 41. Kg4 Rxe2 42. h4 Rc5 43. Rb7 Re6 44. Kf3 h5 45. g4 Rc3+ 46. Kg2 Re2+ 47. Kf1 Rf2+ 48. Ke1 Rc1# 0-1

[Event "*** Titled Tuesday Blitz"]
[Site "Chess.com"]
[Date "2021.04.20"]
[Round "5"]
[White "GM_dmitrij"]
[Black "superchess02"]
[Result "1-0"]
[WhiteElo "2909"]
[BlackElo "2734"]
[TimeControl "180+1"]
[EndTime "10:55:31 PDT"]
[Termination "GM_dmitrij won by resignation"]

1. e4 c5 2. Nf3 a6 3. c3 Nf6 4. e5 Nd5 5. d4 e6 6. Bd3 b5 7. O-O Bb7 8. Nbd2 d6 9. exd6 Bxd6 10.
Ne4 c4 11. Nxd6+ Qxd6 12. Bc2 Nd7 13. Bg5 h6 14. Bh4 g5 15. Bg3 Nf4 16. Re1 Nf6 17.
Ne5 Qd5 18. f3 h5 19. Bxf4 gxf4 20. Qd2 Qd8 21. Qxf4 Qe7 22. Be4 Nxe4 23. fxe4 Rg8 24. Rf1 f6 25. Qxf6 Bxe4 26. Qxe7+ Kxe7 27. Rf7+ Ke8 28. g3 h4 29. Re1 Bd5 30. Re3 a5 31. Rh7 hxg3 32. Rxg3 Rxg3+ 33. hxg3 Ra6 34. g4 b4 35. Rh8+ Ke7 36. Rb8 Kf6 37. Kf2 Ra7 38. Kg3 bxc3 39. bxc3 Rh7 40. Rf8+ Ke7 41. Rf1 Be4 42. g5 Bf5 43.
Rf3 Rh1 44. Nxc4 a4 45. Kf4 Rh4+ 46. Ke3 Rg4 47. Ne5 Rxg5 48. c4 Rg2 49. a3 Ra2 50.
Kf4 Bc2 51. Rc3 Bb3 52. c5 Rxa3 53. c6 Kd8 54. c7+ Kc8 55. Nf7 Bc4 56. Rxa3 e5+ 57. Nxe5 1-0

[Event "*** Titled Tuesday Blitz"]
[Site "Chess.com"]
[Date "2021.04.20"]
[Round "5"]
[White "Qvalda"]
[Black "Gusarov91"]
[Result "0-1"]
[WhiteElo "2448"]
[BlackElo "2642"]
[TimeControl "180+1"]
[EndTime "10:55:31 PDT"]
[Termination "Gusarov91 won on time"]

1. e4 c6 2. d4 d5 3. e5 Bf5 4. Nd2 e6 5. Nb3 Nd7 6. Nf3 h6 7.
Be2 Ne7 8. O-O c5 9. Nxc5 Nxc5 10. dxc5 Nc6 11. Nd4 Nxd4 12. Qxd4 Bxc2 13. Bb5+ Ke7 14.
Qh4+ f6 15. b4 a6 16. Be2 Kd7 17. Qg3 Bf5 18. Bb2 h5 19. a4 h4 20. Qe3 Be7 21. b5 Qc7 22. Rfc1 axb5 23. Bxb5+ Kd8 24. c6 b6 25. Bd4 Rb8 26. h3 Ke8 27. Re1 Kf7 28.
Rac1 Rh6 29. exf6 Bxf6 30. Bxf6 Rxf6 31. Bd3 Bxd3 32. Qxd3 Ra8 33. Qd4 Rf4 34. Qd1 Rf5 35. Qe2 Re8 36. Qg4 g6 37. Qxh4 Kg7 38. Qd4+ Kf7 39. Re3 Rf4 40. Qd2 Ra8 41. Qe2 Rf6 42. Rf3 Rxa4 43. Rxf6+ Kxf6 44. Qb2+ Kf7 45. Qc2 Rc4 46.
Qd2 Qxc6 47. Re1 Qd6 48. Qh6 Rc8 49. Qh7+ Kf6 50. Qh4+ Kg7 51. Qg5 Re8 52. Rb1 e5 53. Ra1 Re7 0-1

[Event "*** Titled Tuesday Blitz"]
[Site "Chess.com"]
[Date "2021.04.20"]
[Round "5"]
[White "northridgehawk"]
[Black "nocnypako"]
[Result "0-1"]
[WhiteElo "2310"]
[BlackElo "2523"]
[TimeControl "180+1"]
[EndTime "10:55:32 PDT"]
[Termination "nocnypako won by checkmate"]

1. e4 c5 2. Nf3 d6 3. d4 cxd4 4. Nxd4 Nf6 5. Nc3 a6 6. h3 e6 7. g4 d5 8. e5 Nfd7 9. Bf4 Nc6 10. Nxc6 bxc6 11. Bg2 Be7 12. O-O O-O 13. Ne2 Rb8 14. b3 Qc7 15. Qd3 Nxe5 16. Qg3 f6 17. Rfe1 g5 18. Be3 Bd6 19. f4 Ng6 20. Rf1 c5 21. Rae1 d4 22. Bd2 e5 23. fxg5 e4 24. Nf4 fxg5 25.
Bxe4 Bxf4 26. Bd5+ Kh8 27. Bxf4 Nxf4 28. Kh2 Nxd5 29.
Rxf8+ Kg7 30. Qxc7+ Nxc7 31. Ree8 Nxe8 32. Rxe8 Kf7 33.
Rh8 Ke6 34. Rxh7 Bd7 35. Rh6+ Kd5 36. Rxa6 Re8 37. Rg6 Re2+ 38. Kg3 Rxc2 39. Rxg5+ Ke4 40. Rg7 Be6 41. Re7 Ke5 42. Re8 Kd6 43. Kf3 Rxa2 44. h4 Rb2 45. h5 Rxb3+ 46. Kf4 Rb1 47. h6 Rh1 48. g5 c4 49. Rd8+ Bd7 50. Ke4 d3 51. g6 d2 52. g7 d1=Q 53. g8=Q Rh4+ 54. Ke3 Qd3+ 55. Kf2 Qf5+ 56. Ke3 Rh3+ 57. Kd4 Qd3# 0-1

[Event "*** Titled Tuesday Blitz"]
[Site "Chess.com"]
[Date "2021.04.20"]
[Round "5"]
[White "WisdomGame"]
[Black "dpopadic"]
[Result "0-1"]
[WhiteElo "2095"]
[BlackElo "2381"]
[TimeControl "180+1"]
[EndTime "10:55:32 PDT"]
[Termination "dpopadic won by resignation"]

1. e4 c5 2. Nf3 Nc6 3. Bb5 e5 4. Bxc6 dxc6 5. O-O Bd6 6. c3 Bg4 7. h3 Bh5 8. d3 Nf6 9. Bg5 h6 10. Bh4 Qe7 11. Nbd2 O-O-O 12. Qe2 g5 13. Bg3 g4 14. hxg4 Bxg4 15. Qe3 Nh5 16. Nh4 Nf4 17. Nf5 Bxf5 18. exf5 f6 19. Ne4 Rhg8 20. Bxf4 exf4 21. Qf3 Bc7 22.
Rad1 Rg7 23. Qh3 Rdg8 24. f3 Qf7 25. b3 h5 26. Rf2 b6 27. Rdd2 Kb7 28. Rfe2 Rh7 29.
Qh4 Rh6 30. Kf1 Rd8 31. d4 cxd4 32. Rxd4 Rxd4 33. cxd4 Qd5 34. Rd2 Qxf5 35. Qh3 Qb5+ 36. Kg1 h4 37. Nf2 f5 38. Rd1 Qa5 39. a4 Qc3 40. Rf1 Qxb3 41. Qxf5 Qxa4 42. Ng4 Rd6 43. Rc1 Rxd4 44. Kh2 Rc4 45. Rd1 Qxd1 46. Qf7 Qd5 47. Qg7 a5 48. Nf6 Qd4 49. Qf7 Rc2 50. Ne8 Qd8 51. Qh7 Re2 52. Ng7 Qg5 53. Nh5 0-1

[Event "*** Titled Tuesday Blitz"]
[Site "Chess.com"]
[Date "2021.04.20"]
[Round "5"]
[White "Srisshhhtea"]
[Black "sergeikim"]
[Result "0-1"]
[WhiteElo "2327"]
[BlackElo "2532"]
[TimeControl "180+1"]
[EndTime "10:55:33 PDT"]
[Termination "sergeikim won by checkmate"]

1. e4 e5 2. Nc3 Nf6 3. Bc4 Bc5 4. d3 Nc6 5. f4 d6 6. f5 a6 7. Bg5 h6 8. Bh4 Nd4 9. Nd5 c6 10. Nxf6+ gxf6 11. c3 Nb5 12. Qf3 Nc7 13. Bb3 d5 14. Ne2 Qd6 15. Ng3 Qd8 16. O-O-O Be7 17. Rhe1 d4 18.
Qh5 Rf8 19. cxd4 Qxd4 20. Kb1 Bd7 21. Ne2 Qb6 22. d4 exd4 23. e5 O-O-O 24. Nxd4 Bc5 25.
Nf3 Bf2 26. Bxf2 Qxf2 27. Rd2 Qc5 28. e6 fxe6 29. Nh4 exf5 30. Red1 Be6 31. Rxd8+ Rxd8 32. Rxd8+ Kxd8 33. Bxe6 Nxe6 34. Qxh6 Qe5 35. Qd2+ Kc7 36. Nf3 Qe4+ 37. Kc1 Nc5 38. a3 Nb3+ 39. Kd1 Nxd2 40. Kxd2 Qd5+ 41. Ke3 Qc5+ 42. Kf4 Qf2 43. Kxf5 Qxg2 44.
Nd4 Qxh2 45. Ne6+ Kb6 46. Kxf6 Qxb2+ 47. Ke7 Qxa3+ 48. Kd7 Qd3+ 49. Kc8 Qf5 50. Kb8 Qxe6 51. Ka8 c5 52. Kb8 c4 53. Ka8 c3 54. Kb8 c2 55.
Ka8 c1=Q 56. Kb8 Qcc8# 0-1

[Event "*** Titled Tuesday Blitz"]
[Site "Chess.com"]
[Date "2021.04.20"]
[Round "5"]
[White "WiktoriaPOL"]
[Black "anon569"]
[Result "0-1"]
[WhiteElo "2034"]
[BlackElo "2249"]
[TimeControl "180+1"]
[EndTime "10:55:33 PDT"]
[Termination "anon569 won by resignation"]

1. e4 c5 2. d4 cxd4 3. c3 g6 4.
cxd4 d5 5. e5 Nc6 6. Nc3 Bg7 7.
Nf3 Bg4 8. Be2 Nh6 9. h3 Bxf3 10. Bxf3 e6 11. O-O Nf5 12. Be3 O-O 13. Rc1 Nxe3 14.
fxe3 Bh6 15. Qe2 Qg5 16. Rfe1 f6 17. exf6 Rxf6 18. Rcd1 Raf8 19. a3 Rxf3 20. Rd3 Qg3 21. Nd1 Bg5 22. Kh1 R3f5 23. e4 Qxe1+ 24. Qxe1 Rf1+ 25. Kh2 dxe4 26. Qxe4 Bf4+ 27. g3 Bb8 28. Qxe6+ Kh8 29. Ne3 R8f2+ 30. Ng2 Rf6 31. Qe8+ Rf8 32. Qe4 Bd6 33. b4 R1f2 34. Rd1 Ne7 35. Kg1 Nf5 36. Nf4 Nxg3 37. Qe3 R2xf4 38. Qxg3 Rf1+ 39. Rxf1 Rxf1+ 40. Kxf1 Bxg3 41. Kg2 Bd6 42. Kf3 Kg7 43. Ke4 Kf6 44.
Kd5 Bb8 45. Kc5 Kf5 46. d5 Ke5 47. b5 Bd6+ 48. Kc4 b6 49. a4 Ke4 50. h4 h6 51. h5 g5 0-1

[Event "*** Titled Tuesday Blitz"]
[Site "Chess.com"]
[Date "2021.04.20"]
[Round "5"]
[White "Aradhya2000"]
[Black "hansen"]
[Result "1-0"]
[WhiteElo "2615"]
[BlackElo "2807"]
[TimeControl "180+1"]
[EndTime "10:55:34 PDT"]
[Termination "Aradhya2000 won by resignation"]

1. d4 Nf6 2. Nf3 g6 3. g3 Bg7 4. Bg2 O-O 5. c4 d5 6. cxd5 Nxd5 7. O-O Nb6 8. Bf4 Nc6 9. Nc3 Bg4 10. e3 e5 11.
dxe5 Nc4 12. Qb3 Bxf3 13. Qxc4 Bxg2 14. Kxg2 Nxe5 15. Qe4 Nd3 16. Rfd1 Nxf4+ 17. Qxf4 Qf6 18. Qxf6 Bxf6 19. Rd7 Bxc3 20. bxc3 Rac8 21. Rad1 Rfe8 22. R1d4 Kf8 23. Ra4 a6 24. Rb4 b6 25. a4 Re7 26.
Rd5 Re6 27. Rbd4 Ke8 28. Kf3 h5 29. a5 Rc6 30. c4 Kf8 31. Rf4 Re8 32. h3 Ree6 33. g4 hxg4+ 34. hxg4 Red6 35. axb6 cxb6 36. Re5 Rc5 37. Rxc5 bxc5 38. Re4 a5 39. Re5 Ra6 40. Rxc5 a4 41. Rb5 a3 42. Rb1 a2 43. Ra1 Ke7 44. Ke4 Kd6 45. Kd4 Ra4 46. f4 f6 47. e4 Ke6 48. Kc3 Ra3+ 49. Kb4 Re3 50. f5+ gxf5 51. exf5+ Kd6 52. Rxa2 Re4 53. Ra6+ Kc7 54. Rxf6 Rxg4 55. Kc5 Rd4 56. Kxd4 1-0